 Dungeon Crawl Stone Soup version 0.21-a0-529-g8c7b3f5 (webtiles) character file.

93 kae the Ruffian (level 4, 0/45 HPs)
             Began as a Troll Monk on Dec 10, 2017.
             Slain by a gnoll
             ... wielding a +0 spear
              (6 damage)
             ... on level 3 of the Dungeon.
             The game lasted 00:01:27 (1558 turns).

kae the Ruffian (Troll Monk)                        Turns: 1558, Time: 00:01:28

Health: 0/45       AC:  5    Str: 19    XL:     4   Next: 37%
Magic:  3/3        EV: 11    Int:  6    God:
Gold:   92         SH:  0    Dex: 13    Spells: 3/3 levels left

rFire    . . .     SeeInvis .     - Unarmed
rCold    . . .     Gourm    +   (no shield)
rNeg     . . .     Faith    .   a - +0 robe
rPois    .         Spirit   .   (helmet restricted)
rElec    .         Reflect  .   (no cloak)
rCorr    .         Harm     .   (gloves unavailable)
MR       .....                  (boots unavailable)
Stlth    ++........             (no amulet)
HPRegen  0.55/turn              (no ring)
MPRegen  0.08/turn              (no ring)

@: no status effects
A: large, unfitting armour, claws 3, fast metabolism 3, gourmand, regeneration
1, shaggy fur 1, tough skin 2
a: no special abilities


You were on level 3 of the Dungeon.
You were very full.

You visited 1 branch of the dungeon, and saw 3 of its levels.

You collected 92 gold pieces.

Inventory:

Armour
 a - a +0 robe (worn)
Potions
 f - a potion of lignification
 h - a potion of might {unknown}
 m - a potion of resistance {unknown}
Comestibles
 b - 3 bread rations
 c - a fruit
 d - 3 royal jellies


   Skills:
 + Level 3.0 Fighting
 + Level 3.0 Dodging
 - Level 1.0 Stealth
 * Level 4.2 Unarmed Combat


You had 3 spell levels left.
You didn't know any spells.

Dungeon Overview and Level Annotations

Branches:
Dungeon (3/15)

Altars:
Okawaru
Sif Muna


Innate Abilities, Weirdness & Mutations

You are too large for most types of armour.
You have claws for hands.
Your metabolism is lightning-fast.
You like to eat raw meat.
Your natural rate of healing is unusually fast.
You are covered in fur. (AC +1)
You have very tough skin. (AC +2)


Message History

* * * LOW HITPOINT WARNING * * *
The gnoll barely misses you. The jackal closely misses you.
You see here a spear.
You scratch the gnoll.
The gnoll is heavily wounded.
The gnoll barely misses you.
The jackal bites you but does no damage.
The gnoll hits you but does no damage.
You claw the gnoll!
You kill the gnoll!
Your Fighting skill increases to level 3!
Your Dodging skill increases to level 3!
The jackal closely misses you.
The gnoll hits you from afar with a spear.
* * * LOW HITPOINT WARNING * * *
You claw the jackal!
You kill the jackal!
The jackal bites you but does no damage.
The gnoll hits you from afar with a spear.
You die...

#..♣.♣.♣.♣...#
#.♣.♣._.♣.♣..#
#..♣.♣.♣.♣...#
*#...♣.♣.♣....#
#.g...♣.♣.....#
#?.#...♣...#.##
#............#
#.#.####.h)###
#...* #.#@#
*##,* #.#†#
*.####.#g#
*......<.#
*.######.# ***
###


You could see a gnoll and a jackal.

Vanquished Creatures
  Jessica (D:2)
  An adder (D:2)
  2 gnolls (D:3)
  2 dart slugs (D:1)
  2 leopard geckos
  2 bats (D:1)
  2 giant cockroaches (D:1)
  6 goblins
  4 hobgoblins
  2 jackals (D:3)
  4 kobolds
  A ball python (D:1)
  A frilled lizard (D:2)
  5 rats
35 creatures vanquished.

Notes
Turn   | Place    | Note
-------+----------+-------------------------------------------
     0 | D:1      | kae the Troll Monk began the quest for the Orb.
     0 | D:1      | Reached XP level 1. HP: 22/22 MP: 0/0
    94 | D:1      | Reached XP level 2. HP: 29/29 MP: 1/1
   908 | D:2      | Reached XP level 3. HP: 36/36 MP: 2/2
   966 | D:2      | Found a deep blue altar of Sif Muna.
  1079 | D:2      | Noticed Jessica
  1085 | D:2      | Killed Jessica
  1085 | D:2      | Reached skill level 4 in Unarmed Combat
  1234 | D:2      | Reached XP level 4. HP: 33/44 MP: 3/3
  1521 | D:3      | Found an iron altar of Okawaru.
  1558 | D:3      | Slain by a gnoll

Vault maps used:
D:1:      mainiacjoe_arrival_reflecting_pool, minmay_tromino_v4_c
D:2:      overflow_temple_1_default, kennysheep_generic_room_15, uniq_jessica
D:3:      roderic_st_hans_cross, okawaru_trees_2

Skill      XL: |  1  2  3  4 |
---------------+-------------+-----
Unarmed Combat | 4 |  4.2
Fighting       | 3 |  3.0
Dodging        | 3 |  3.0
Stealth        | |  1.0

Action                   |  1- 3 |  4- 6 || total
-------------------------+-------+-------++-------
Melee: Unarmed           |    77 |    21 ||    98
       Punch             |     1 |       ||     1
  Use: Scroll            |     2 |     6 ||     8
       Potion            |       |     1 ||     1
 Stab: Sleeping          |     2 |       ||     2
  Eat: Chunk             |    17 |     2 ||    19
Armor: Robe              |    26 |     8 ||    34
Dodge: Dodged            |    43 |    27 ||    70

Table legend:
 A = Spawn XP
 B = Non-spawn XP
 C = Spawn XP percentage of total XP
 D = Spawn monster count
 E = Non-spawn monster count
 F = Spawn count percentage of total count
 G = Total turns spent on level
                    A         B        C        D         E        F      G
               +---------+---------+-------+---------+---------+-------+---------
         Total |       0 |     134 |   0.0 |       0 |      35 |   0.0 |  1558
               +---------+---------+-------+---------+---------+-------+---------
           D:1 |       0 |      38 |   0.0 |       0 |      20 |   0.0 |   906
           D:2 |       0 |      64 |   0.0 |       0 |      10 |   0.0 |   606
           D:3 |       0 |      32 |   0.0 |       0 |       5 |   0.0 |    46
               +---------+---------+-------+---------+---------+-------+---------
